 Dungeon Crawl Stone Soup version 0.26.0-10-g1f06aea511 (webtiles) character file.

Game seed: 12235654103434134762

39 funkygono the Gusty (level 3, 0/26 HPs)
             Began as a Draconian Air Elementalist on Jan 20, 2021.
             Slain by an orc wizard
             ... wielding a +0 dagger
              (4 damage)
             ... on level 3 of the Dungeon.
             The game lasted 00:02:34 (1339 turns).

funkygono the Gusty (Draconian Air Elementalist)    Turns: 1339, Time: 00:02:35

Health: 0/26       AC:  6    Str: 10    XL:     3   Next: 28%
Magic:  0/6        EV: 12    Int: 16    God:
Gold:   93         SH:  0    Dex: 11    Spells: 1/7 levels left

rFire    x . .     SeeInvis .   a - +0 dagger
rCold    + . .     Faith    .   (no shield)
rNeg     . . .     Spirit   .   (armour unavailable)
rPois    .         Reflect  .   (helmet restricted)
rElec    .         Harm     .   (no cloak)
rCorr    .         Rampage  .   j - +0 pair of gloves
Will     .....                  (no boots)
Stlth    ++........             (no amulet)
HPRegen  0.08/turn              f - ring of ice
MPRegen  0.10/turn              (no ring)

@: no status effects
A: unfitting armour, cold-blooded, AC +5
a: no special abilities


You were on level 3 of the Dungeon.
You visited 1 branch of the dungeon, and saw 4 of its levels.

You collected 93 gold pieces.

Inventory:

Hand Weapons
 a - a +0 dagger (weapon)
Armour
 i - a +0 buckler
 j - a +0 pair of gloves (worn)
 k - a +0 cloak
Jewellery
 f - a ring of ice (left hand)
Scrolls
 b - a scroll of identify {unknown}
 c - 2 scrolls of noise {unknown}
 d - a scroll of fear {unknown}
 e - a scroll of remove curse {unknown}
 g - a scroll of amnesia {unknown}
 h - a scroll of immolation {unknown}


   Skills:
 + Level 1.7 Dodging
 + Level 1.8 Stealth
 * Level 2.5 Spellcasting
 * Level 1.2 Conjurations
 * Level 3.9 Air Magic


You had one spell level left.
You knew the following spells:

 Your Spells              Type           Power        Failure   Level
a - Shock                 Conj/Air       40%          7%          1
b - Swiftness             Air            14%          6%          2
c - Static Discharge      Conj/Air       10%          21%         3

Your spell library contained the following spells:

 Spells                   Type           Power        Failure   Level
 Airstrike                Air            7%           36%         4
 Lightning Bolt           Conj/Air       5%           88%         5


Dungeon Overview and Level Annotations

Branches:
Dungeon (4/15)
 Temple: D:4-7

Altars:


Innate Abilities, Weirdness & Mutations

Your plain brown scales are hard. (AC +5)
You cannot fit into any form of body armour.
You are cold-blooded and may be slowed by cold attacks.


Message History

You barely miss the orc wizard.
The orc wizard is moderately wounded.
The orc wizard casts a spell at you.
The puff of frost hits you but does no damage.
The orc wizard hits you but does no damage.
You hit the orc wizard.
The orc wizard is heavily wounded.
The orc wizard hits you but does no damage.
Casting: Shock (safe; 7% risk of failure)
Confirm with . or Enter, or press ? or * to list all spells.
Aiming: Shock (safe; 7% risk of failure)
Press: ? - help, Shift-Dir - straight line, f/p - orc wizard
Aim: an orc wizard, wielding a +0 dagger and wearing a +0 robe (heavily wounded, fast, 40% to evade)
The zap hits the orc wizard but does no damage.
The orc wizard is heavily wounded.
The orc wizard casts a spell at you. The puff of flame hits you!
The fire burns you terribly!
* * * LOW HITPOINT WARNING * * *
The orc wizard hits you with a +0 dagger.
You die...

##### #.. ...#
###.######.#####.##
.......(.....((oo.
#.##).##>##....##
###.....##.# ...#
...........# ..#
##.##o.#### ...
#..##.##@.# ##
#.........#
##.##.##)## #
#.##.# #.##.#
#..#.# .....#
..?... #...##


You could see an orc wizard (fast).

Vanquished Creatures
  An adder (D:3)
  A leopard gecko (D:1)
  5 orcs
  A bat (D:1)
  2 giant cockroaches (D:1)
  4 goblins
  A hobgoblin (D:2)
  A frilled lizard (D:1)
  5 kobolds
  3 rats (D:1)
24 creatures vanquished.

Notes
Turn   | Place    | Note
-------+----------+-------------------------------------------
     0 | D:1      | funkygono the Draconian Air Elementalist began the quest
                  | for the Orb.
     0 | D:1      | Reached XP level 1. HP: 14/14 MP: 3/3
   606 | D:1      | Reached XP level 2. HP: 20/20 MP: 0/5
   750 | D:1      | Learned a level 2 spell: Swiftness
  1028 | D:1      | You fall into a shaft and drop 1 floor!
  1109 | D:2      | You fall into a shaft and drop 2 floors!
  1259 | D:3      | Reached XP level 3. HP: 26/26 MP: 1/6
  1263 | D:3      | Learned a level 3 spell: Static Discharge
  1339 | D:3      | Slain by an orc wizard

Illustrated notes

Levels and vault maps discovered:
D:1:      eino_arrival_druids_welcome, layout_basic
D:2:      layout_basic, serial_glass, glass_columns_a, glass_columns_c,
          minmay_misc_feat_rugged, serial_bayou_ford_a, minmay_bisected
D:3:      layout_loops_corners, nemelex_xobeh_ov_fountains_minmay
D:4:      layout_basic, minmay_temple_entry_waves, serial_rivers,
          chequers_serial_rivers_large_a, chequers_serial_rivers_marsh,
          chequers_serial_rivers_micro_b, chequers_serial_rivers_room_a

Action                   || total
-------------------------++-------
Melee: Dagger            ||    20
       Unarmed           ||     2
       Tailslap          ||     2
 Cast: Shock             ||    52
Armor: Skin              ||     5
Dodge: Dodged            ||    19
